 Dungeon Crawl Stone Soup version 0.20.0-8-g6b59dc7 (webtiles) character file.

16 Chiseanne the Vexing (level 2, -2/16 HPs)
             Began as a Deep Elf Arcane Marksman on June 2, 2017.
             Slain by a hobgoblin
             ... wielding a +0 club
              (6 damage)
             ... on level 1 of the Dungeon.
             The game lasted 00:01:32 (1071 turns).

Chiseanne the Vexing (Deep Elf Arcane Marksman)     Turns: 1071, Time: 00:01:33

Health: -2/16      AC:  2    Str:  7    XL:     2   Next: 37%
Magic:  7/7        EV: 13    Int: 17    God:
Gold:   99         SH:  0    Dex: 15    Spells: 4/5 levels left

rFire    . . .     SeeInvis .   w - +0 hand crossbow
rCold    . . .     Gourm    .   (no shield)
rNeg     . . .     Faith    .   e - +0 robe
rPois    .         Spirit   .   (no helmet)
rElec    .         Reflect  .   (no cloak)
rCorr    .         Harm     .   (no gloves)
MR       .....                  (no boots)
Stlth    +.........             (no amulet)
Regen    0.1/turn               (no ring)
MPRegen  0.1/turn               (no ring)

@: no status effects
A: no striking features
a: no special abilities


You were on level 1 of the Dungeon.
You were not hungry.

You visited 1 branch of the dungeon, and saw 1 of its levels.

You collected 99 gold pieces.

Inventory:

Hand Weapons
 a - a +0 short sword
 w - a +0 hand crossbow (weapon)
Missiles
 d - 14 bolts (quivered)
 g - 62 stones
 h - 29 poisoned needles
Armour
 e - a +0 robe (worn)
Scrolls
 b - a scroll of immolation {unknown}
 i - 2 scrolls of identify {unknown}
 j - a scroll of teleportation {unknown}
Books
 c - a book of Debilitation

   Spells                             Type                      Level
   a - Corona                         Hexes                        1
   b - Slow                           Hexes                        2
   c - Inner Flame                    Hexes/Fire                   3
   d - Portal Projectile              Hexes/Translocation          3
   e - Cause Fear                     Hexes                        4
   f - Leda's Liquefaction            Hexes/Earth                  4
Comestibles
 f - a bread ration
 k - a meat ration


   Skills:
 * Level 1.0 Fighting
 - Level 1.7 Crossbows
 * Level 3.1 Dodging
 * Level 2.3 Spellcasting
 - Level 4.0 Hexes


You had 4 spell levels left.
You knew the following spells:

 Your Spells              Type           Power        Failure   Level  Hunger
a - Corona                Hex            ###....      3%          1    #......


Dungeon Overview and Level Annotations

Branches:
Dungeon (1/15)

Altars:


Message History

* * * LOW HITPOINT WARNING * * *
Wield which item (- for none, * to show all)? (? for menu, Esc to quit)
w - a +0 hand crossbow (weapon)
The hobgoblin barely misses you.
Firing (i - inventory. (,) - cycle):
d - 17 bolts (quivered)
Press: ? - help, Shift-Dir - straight line, f - hobgoblin
Aim: a hobgoblin, wielding a club (severely wounded)
You shoot a bolt. The bolt barely misses the hobgoblin.
The hobgoblin closely misses you.
Firing (i - inventory. (,) - cycle):
d - 16 bolts (quivered)
Press: ? - help, Shift-Dir - straight line, f/p - hobgoblin
Aim: a hobgoblin, wielding a club (severely wounded)
You shoot a bolt. The bolt barely misses the hobgoblin.
The hobgoblin barely misses you.
Firing (i - inventory. (,) - cycle):
d - 15 bolts (quivered)
Press: ? - help, Shift-Dir - straight line, f/p - hobgoblin
Aim: a hobgoblin, wielding a club (severely wounded)
You shoot a bolt. The bolt closely misses the hobgoblin.
The hobgoblin hits you with a club.
You die...

#.# #.# #.# #.#####
#.....###############
#####.#.............#
#.#.#######.###.# #.#.# #.#
#.# ### ########.#@# #.# #.#
..## #.....##.#g# #.# #^#
#..####.#'#.##.#.# #.# #.#
....##..#.#..#.#.#######.# #.#
'########.####.#.#†......# #r#
.########.####.#.#.#########.#
...............#.#...........#
#######.######.#(#....########
.# #'# #.# ##.#.#


You could see a hobgoblin.

Vanquished Creatures
  2 dart slugs (D:1)
  A ball python (D:1)
  A giant cockroach (D:1)
  3 goblins (D:1)
  A frilled lizard (D:1)
  A kobold (D:1)
  3 rats (D:1)
12 creatures vanquished.

Notes
Turn   | Place    | Note
-------+----------+-------------------------------------------
     0 | D:1      | Chiseanne the Deep Elf Arcane Marksman began the quest for the Orb.
     0 | D:1      | Reached XP level 1. HP: 11/11 MP: 5/5
    78 | D:1      | Reached skill level 1 in Fighting
   279 | D:1      | Reached XP level 2. HP: 16/16 MP: 7/7
  1071 | D:1      | Slain by a hobgoblin

Skill      XL: |  1  2 |
---------------+-------+-----
Fighting       | 1 |  1.0
Spellcasting   | 2 |  2.3
Dodging        | 3 |  3.1
Crossbows      | |  1.7
Hexes          | |  4.0

Action                   || total
-------------------------++-------
Melee: Short sword       ||    48
 Fire: Hand crossbow     ||    16
Armor: Robe              ||     7
Dodge: Dodged            ||    33
